 Dungeon Crawl Stone Soup version 0.31.0-11-ge490571c62 (webtiles) character file.

Game seed: 12183641824884820479

11 protoss039 the Digger (level 2, 0/20 HPs)
             Began as a Demonspawn Earth Elementalist on Jan 31, 2024.
             Frozen to death by an endoplasm (3 damage)
             ... on level 1 of the Dungeon.
             The game lasted 00:00:28 (192 turns).

protoss039 the Digger (DsEE)                         Turns: 192, Time: 00:00:29

Health: 0/20       AC:  2    Str:  8    XL:     2   Next: 13%
Magic:  0/5        EV: 12    Int: 15    God:
Gold:   0          SH:  4    Dex: 13    Spells: 4/5 levels left

rFire   . . .        d - +0 short sword
rCold   . . .        (no shield)
rNeg    . . .        a - +0 robe
rPois   .            (no helmet)
rElec   .            (no cloak)
rCorr   .            (no gloves)
SInv    .            (no boots)
Will    .....        (no amulet)
Stlth   ++           (no ring)
HPRegen 0.23/turn    (no ring)
MPRegen 0.09/turn

%: no passive effects
@: no status effects
A: condensation shield
a: no special abilities


You were on level 1 of the Dungeon.
You visited 1 branch of the dungeon, and saw 1 of its levels.

Inventory:

Hand Weapons
 d - a +0 short sword (weapon)
Armour
 a - a +0 robe (worn)
Scrolls
 c - a scroll of amnesia {unknown}


   Skills:
 + Level 0.9 Fighting
 - Level 1.7 Dodging
 - Level 1.7 Stealth
 + Level 2.2 Spellcasting
 - Level 1.0 Conjurations
 + Level 2.9 Earth Magic


You had 4 spell levels left.
You knew the following spells:

 Your Spells              Type           Power      Damage    Failure   Level
a - Sandblast             Erth           20%        2d7       6%          1

Your spell library contained the following spells:

 Spells                   Type           Power      Damage    Failure   Level
 Passwall                 Erth           10%        N/A       19%         3
 Stone Arrow              Conj/Erth      14%        3d7       28%         3
 Brom's Barrelling Bould  Conj/Erth      7%         2d3       67%         4
 Petrify                  Alch/Erth      6%         N/A       75%         4


Dungeon Overview and Level Annotations

Branches:
Dungeon (1/15) Zot: 5801

Altars:


Innate Abilities, Weirdness & Mutations

A meltable shield of frost defends you. (SH +4)


Message History

The bat closely misses you. The bat hits you.
* * * LOW HITPOINT WARNING * * *
The jackal closely misses you. The jackal misses you.
The bat closely misses you.
Unknown command.
Casting: Sandblast (safe; 7% risk of failure)
Confirm with . or Enter, or press ? or * to list all spells.
Aiming: Sandblast (safe; 7% risk of failure)
Press: ? - help, Shift-Dir - straight line, f/p - jackal
Aim: a jackal (moderately wounded, 77% to hit)
The blast of sand hits the jackal!
You kill the jackal!
The bat hits you but does no damage. x2; The bat closely misses you.
The jackal barely misses you.
You have reached level 2!
Your demonic ancestry asserts itself...
Frost condenses into a shield before you.
Casting: Sandblast (safe; 7% risk of failure)
Confirm with . or Enter, or press ? or * to list all spells.
Aiming: Sandblast (safe; 7% risk of failure)
Press: ? - help, Shift-Dir - straight line, f - jackal, p - jackal
Aim: a jackal (severely wounded, 77% to hit)
The blast of sand hits the jackal!
You kill the jackal!
You block the bat's attack. The bat hits you but does no damage.
The jackal closely misses you.
Unknown command.
You hit the jackal.
You kill the jackal!
The bat hits you but does no damage. The bat barely misses you.
Unknown command.
Casting: Sandblast (safe; 6% risk of failure)
Confirm with . or Enter, or press ? or * to list all spells.
You don't have enough magic to cast this spell.
Unknown command.
Unknown command.
You hit the endoplasm but do no damage. You block the bat's attack.
The endoplasm freezes you.
You are frozen.
You die...

#.#.........##
#.......)...#
#†......†..#
#h.........#
#..........#
##.J.......#
##.......##
##########......##
.....b.@J..######
############


You could see an endoplasm and a bat.

Vanquished Creatures
  2 giant cockroaches (D:1)
  4 jackals (D:1)
  A quokka (D:1)
  A frilled lizard (D:1)
  A kobold (D:1)
9 creatures vanquished.

Notes
Turn   | Place    | Note
-------+----------+-------------------------------------------
     0 | D:1      | protoss039 the Demonspawn Earth Elementalist began the
                  | quest for the Orb.
     0 | D:1      | Reached XP level 1. HP: 13/13 MP: 3/3
   190 | D:1      | Gained mutation: A meltable shield of frost defends you.
                  | (SH +4) [demonic ancestry]
   190 | D:1      | Reached XP level 2. HP: 2/20 MP: 1/5
   192 | D:1      | Frozen to death by an endoplasm

Illustrated notes

Levels and vault maps discovered:
D:1:      wander_arrival_chamber, layout_rooms,
          hellmonk_ecumenical_altar_zigzags, dk_noncrumbling_3

Action                     || total
---------------------------++-------
  Melee: Short sword       ||     8
         Unarmed           ||     1
   Cast: Sandblast         ||    13
    Use: Potion            ||     1
 Armour: Robe              ||    21
  Dodge: Dodged            ||    25
  Block: Other             ||     2
